 Dungeon Crawl Stone Soup version 0.27.1-35-g4d5d836560 (webtiles) character file.

Game seed: 4747935106020278955

203671 Delamore the Unseen (level 18, -2/147 HPs)
             Began as an Octopode Brigand on Mar 8, 2022.
             Was an Initiate of Gozag.
             Constricted to death by a shambling mangrove (22 damage)
             ... on level 2 of the Swamp.
             The game lasted 01:17:54 (47067 turns).

Delamore the Unseen (Octopode Brigand)             Turns: 47067, Time: 01:17:55

Health: -2/147     AC:  8    Str: 28    XL:     18   Next: 62%
Magic:  31/35      EV: 31    Int: 28    God:    Gozag
Gold:   520        SH:  8    Dex: 27    Spells: 12/27 levels left

rFire    . . .     SeeInvis +   t - +9 quick blade
rCold    + + +     Faith    .   u - +0 buckler
rNeg     + . .     Spirit   .   I - +3 hat of Pondering {ponderous, Will+ MP+10 Int+5}
rPois    +         Reflect  .   j - amulet of Vitality {Regen+ HP+15}
rElec    +         Harm     .   c - ring "Juokluch" {EV+4 Str+4}
rCorr    .         Rampage  .   p - +4 ring of protection
Will     ++++.                  v - ring "Seghov" {rElec Int+6 Dex+4}
Stlth    +++++++++.             M - +4 ring of slaying
HPRegen  1.34/turn              T - ring of Secrets {rN+ Str+10 Dex+6}
MPRegen  0.24/turn              Y - ring of Xom's Ringing Laughter {rC+ Str+3 Slay+2 SInv}
                                s - ring "Ruatoeco" {rPois rC++ Will++ SInv}
                                d - +4 ring of evasion

@: about to teleport, grasped by roots, gold aura, constricted, slow
A: almost no armour, amphibious, 8 rings, camouflage 1, gelatinous body 1,
nimble swimmer 1, tentacles
}: 1/15 runes: gossamer
a: Renounce Religion, Potion Petition, Call Merchant, Bribe Branch


You were on level 2 of the Swamp.
You worshipped Gozag.
Gozag was pleased with you.
You visited 6 branches of the dungeon, and saw 30 of its levels.

You collected 10116 gold pieces.
You spent 5301 gold pieces at shops.
You paid 4295 gold pieces to Gozag.

Inventory:

Hand Weapons
 t - a +9 quick blade (weapon)
Missiles
 b - 86 poisoned darts
 n - 39 boomerangs (quivered)
 O - 6 throwing nets
 R - 11 curare-tipped darts
 V - 3 javelins
Armour
 h - a +0 tower shield
 u - a +0 buckler (worn)
 I - the +3 hat of Pondering (worn) {ponderous, Will+ MP+10 Int+5}
   (You took it off Gastronok on level 12 of the Dungeon)

   Int:       It affects your intelligence (+5).
   MP:        It affects your magic capacity (+10).
   Will:      It increases your willpower.
Jewellery
 c - the ring "Juokluch" (left tentacle) {EV+4 Str+4}
   (You found it on level 4 of the Spider Nest)

   [ring of evasion]

   EV:        It affects your evasion (+4).
   Str:       It affects your strength (+4).
 d - a +4 ring of evasion (on tentacle)
 j - the amulet of Vitality (around mantle) {Regen+ HP+15}
   (You bought it in a shop on level 2 of the Lair of Beasts)

   [amulet of regeneration]

   HP:        It affects your health (+15).
   Regen:     It increases your rate of health regeneration.
 m - a ring of protection from cold
 p - a +4 ring of protection (right tentacle)
 s - the ring "Ruatoeco" (on tentacle) {rPois rC++ Will++ SInv}
   (You bought it in a shop on level 12 of the Dungeon)

   [ring of see invisible]

   rC:        It greatly protects you from cold.
   rPois:     It protects you from poison.
   SInv:      It lets you see invisible.
   Will:      It greatly increases your willpower.
 v - the ring "Seghov" (on tentacle) {rElec Int+6 Dex+4}
   (You found it on level 14 of the Dungeon)

   [ring of intelligence]

   Int:       It affects your intelligence (+6).
   Dex:       It affects your dexterity (+4).
   rElec:     It insulates you from electricity.
 A - an amulet of magic regeneration
 G - a ring of fire
 M - a +4 ring of slaying (on tentacle)
 T - the ring of Secrets (on tentacle) {rN+ Str+10 Dex+6}
   (You bought it in a shop on level 10 of the Dungeon)

   [ring of dexterity]

   Str:       It affects your strength (+10).
   Dex:       It affects your dexterity (+6).
   rN:        It protects you from negative energy.
 Y - the ring of Xom's Ringing Laughter (on tentacle) {rC+ Str+3 Slay+2 SInv}
   (You found it on level 6 of the Lair of Beasts)

   [ring of protection from cold]

   Str:       It affects your strength (+3).
   Slay:      It affects your accuracy & damage with ranged weapons and melee
   (+2).
   rC:        It protects you from cold.
   SInv:      It lets you see invisible.
Wands
 a - a wand of charming (1)
 w - a wand of acid (19)
 B - a wand of flame (89)
 E - a wand of paralysis (13)
 P - a wand of digging (2)
 Q - a wand of iceblast (39)
 X - a wand of mindburst (10)
Scrolls
 e - 3 scrolls of fear
 l - a scroll of holy word
 o - 3 scrolls of enchant armour
 x - 5 scrolls of teleportation
 y - 4 scrolls of fog
 z - 3 scrolls of silence
 H - 3 scrolls of blinking
 S - 2 scrolls of immolation
 U - a scroll of summoning
 W - 3 scrolls of magic mapping
Potions
 f - 4 potions of heal wounds
 g - 9 potions of brilliance
 i - a potion of resistance
 k - 5 potions of curing
 q - 7 potions of mutation
 r - 4 potions of flight
 C - 5 potions of ambrosia
 F - 3 potions of cancellation
 K - 4 potions of haste
 L - a potion of invisibility {unknown}
 N - 3 potions of might
 Z - a potion of magic {unknown}


   Skills:
 + Level 14.6 Fighting
 - Level 8.2 Short Blades
 - Level 10.0 Throwing
 - Level 13.4 Dodging
 - Level 15.0 Stealth
 + Level 7.6 Shields
 - Level 5.0 Spellcasting
 - Level 10.0 Conjurations
 - Level 10.0 Hexes
 - Level 10.0 Translocations
 - Level 11.2 Evocations


You had 12 spell levels left.
You knew the following spells:

 Your Spells              Type           Power      Damage    Failure   Level
a - Passage of Golubria   Tloc           N/A        N/A       1%          4
b - Blink                 Tloc           N/A        N/A       1%          2
c - Dazzling Flash        Conj/Hex       100%       N/A       1%          3
d - Invisibility          Hex            29%        N/A       17%         6

Your spell library contained the following spells:

 Spells                   Type           Power      Damage    Failure   Level
 Foxfire                  Conj/Fire      100%       2x1d9     1%          1
 Magic Dart               Conj           100%       1d8       1%          1
 Slow                     Hex            58%        N/A       1%          2
 Static Discharge         Conj/Air       35%        N/A       1%          2
 Confusing Touch          Hex            58%        N/A       1%          3
 Gell's Gravitas          Tloc           29%        N/A       1%          3
 Portal Projectile        Hex/Tloc       100%       N/A       1%          3
 Conjure Flame            Conj/Fire      35%        6-21      2%          3
 Inner Flame              Hex/Fire       35%        N/A       2%          3
 Manifold Assault         Tloc           58%        N/A       3%          5
 Mephitic Cloud           Conj/Pois/Air  25%        N/A       5%          3
 Beastly Appendage        Tmut           14%        N/A       7%          1
 Leda's Liquefaction      Hex/Erth       17%        N/A       9%          4
 Call Imp                 Summ           7%         N/A       10%         2
 Wereblood                Tmut           7%         N/A       10%         2
 Call Canine Familiar     Summ           7%         N/A       21%         3
 Frozen Ramparts          Ice            14%        1d3       21%         3
 Ignite Poison            Fire/Tmut/Pois 7%         N/A       21%         3
 Ozocubu's Armour         Ice            7%         N/A       21%         3
 Spider Form              Tmut/Pois      3%         N/A       21%         3
 Vampiric Draining        Necr           3%         2d6       21%         3
 Lightning Bolt           Conj/Air       17%        1d32      24%         5
 Silence                  Hex/Air        17%        N/A       24%         5
 Bolt of Magma            Conj/Fire/Erth 12%        4d8       43%         5
 Ice Form                 Ice/Tmut       7%         N/A       54%         4
 Summon Ice Beast         Ice/Summ       7%         N/A       54%         4
 Blade Hands              Tmut           3%         N/A       88%         5
 Excruciating Wounds      Necr           3%         N/A       88%         5
 Statue Form              Tmut/Erth      4%         N/A       100%        6
 Ozocubu's Refrigeration  Ice            3%         4d5       100%        7
 Lehudib's Crystal Spear  Conj/Erth      17%        10d5      100%        8
 Maxwell's Capacitive Co  Air            3%         ∞         100%        8


Dungeon Overview and Level Annotations

Branches:
Dungeon (15/15)            Temple (1/1) D:7            Lair (6/6) D:11
  Swamp (2/4) Lair:3       Spider (4/4) Lair:2        Slime (0/5) Lair:5
    Orc (2/2) D:12            Elf (0/3) Orc:2        Vaults (0/5) D:13
 Depths (0/5) D:15

Altars:
Ashenzari
Cheibriados
Dithmenos
Elyvilon
Fedhas
Gozag
Hepliaklqana
Kikubaaqudgha
Makhleb
Nemelex Xobeh
Okawaru
Qazlal
Ru
Sif Muna
Trog
Uskayaw
Vehumet
Wu Jian
Xom
Yredelemnul
Zin
The Shining One
Beogh
Jiyva

Shops:
D:5 (   D:10 =   D:12 :=!   D:15 (   Orc:1 !   Orc:2 (*!!   Lair:2 =
Spider:1 [

Annotations:
D:6 3 runed translucent doors, Lapinsky1's ghost, amateur GnHu


Innate Abilities, Weirdness & Mutations

You cannot wear most types of armour.
You are amphibious.
You can wear up to eight rings at the same time.
Your skin changes colour to match your surroundings (Stealth+).
Your rubbery body absorbs attacks. (AC +1, EV +1)
You are camouflaged near water. (Stealth+)
You have tentacles for arms and can constrict up to eight enemies at once.


Message History

The harpoon shot misses you.
The spriggan rider is distracted by your dazzling golden aura.
Aiming: Iceblast
Press: ? - help, Shift-Dir - straight line, f - eleionoma
Aim: an eleionoma (moderately wounded, wandering, blind, hasn't noticed you)
The mass of ice explodes!
The iceblast engulfs the eleionoma!
The eleionoma is heavily wounded.
The iceblast engulfs the spriggan rider!!
The spriggan rider is severely wounded.
The spriggan rider is no longer distracted by gold.
The iceblast engulfs the spriggan rider!!
You kill the spriggan!
The hornet is heavily wounded.
The spriggan rider hits you from afar with a +1 vampiric spear!!
* * * LOW HITPOINT WARNING * * *
The spriggan rider draws strength from your wounds!
The hornet is distracted by your dazzling golden aura.
The swamp worm is distracted by your dazzling golden aura.
Roots burst forth from the earth!
The grasping roots grab you! The grasping roots constrict you!
* * * LOW HITPOINT WARNING * * *
The hornet buzzes angrily.
You strike the helpless eleionoma from behind!
You stick the eleionoma like a pincushion!!!
You grab the eleionoma. You squeeze the eleionoma.
You kill the eleionoma!
The swamp worm is no longer distracted by gold.
As you read the scroll of teleportation, it crumbles to dust.
You feel strangely unstable.
The hornet is no longer blind.
You block the spriggan rider's attack.
The swamp worm fires a harpoon shot at you.
The harpoon shot hits you!
* * * LOW HITPOINT WARNING * * *
You are yanked forward by the harpoon shot.
Floosh!
The tyrant leech is distracted by your dazzling golden aura.
The grasping roots constrict you!!
You die...
Your body crumbles into a pile of gold.

....♣♣≈.≈♣≈ §≈.
.>≈≈≈♣≈≈.≈♣.≈≈≈
#≈≈≈♣≈≈.≈♣≈≈.. ≈#
#............... )#
#....♣♣.?f≈≈.... .#
#.≈w.≈≈.≈≈≈≈≈... .#
#....w.≈≈§≈.k.. .#
#.≈≈≈w@≈≈≈...♣
$##########≈≈≈≈≈≈.i.y..♣
....≈≈$≈≈≈$.≈≈≈≈.$$§♣≈.♣
≈≈≈≈≈.♣♣..≈..≈≈..$)$≈♣ ♣
≈≈≈..♣♣♣♣♣♣..≈≈≈.≈≈$.♣
≈≈≈♣♣♣ ♣..≈≈≈.≈≈≈.♣ ≈≈.♣
♣♣.≈...≈≈.≈♣ ≈≈.♣
♣..♣♣♣≈.♣♣♣ (.♣♣ ♣♣♣♣
♣♣♣♣


You could see a shambling mangrove, a tyrant leech (unaware), a spriggan rider,
2 swamp worms, a hornet and a swamp drake.

Vanquished Creatures
  Mara (Spider:3)
  Arachne (Spider:2)
  Jorgrun (D:14)
  Frances (Spider:2)
  Gastronok (D:12)
  Kirke (Spider:3)
  7 emperor scorpions
  2 ghost moths
  A stone giant (D:15)
  3 bunyips
  Nessos (D:14)
  3 entropy weavers
  A spark wasp (Spider:4)
  2 eleionomae (Swamp:2)
  Josephine (D:14)
  Harold (Lair:2)
  3 boulder beetles
  10 hydras
  5 centaur warriors
  17 death yaks
  4 alligators
  2 death knights
  A merfolk avatar (Lair:6)
  6 two-headed ogres
  8 death scarabs (Spider:4)
  An orc high priest (Orc:1)
  4 skeletal warriors (D:14)
  4 spriggans
  A death drake (Swamp:1)
  A goliath frog (Swamp:1)
  2 sea snakes (Lair:6)
  3 bog bodies
  A spriggan druid (Swamp:2)
  2 wolf spider zombies (Spider:4)
  2 spectral wolf spiders (Spider:4)
  A wizard (D:13)
  7 orc knights
  A harpy (Lair:6)
  16 orb spiders
  4 deep elf pyromancers
  5 cyclopes
  A deep elf zephyrmancer (D:14)
  24 wolf spiders
  3 orc sorcerers
  13 ugly things
  2 oklob plants (D:11)
  A will-o-the-wisp (Swamp:1)
  14 elephants
  2 manticores (Lair:6)
  3 moths of wrath
  3 black mambas
  2 yaktaurs (D:15)
  4 torpor snails
  17 cane toads
  Psyche (D:11)
  2 rime drakes
  2 unseen horrors
  5 spectral redbacks (Spider:4)
  15 komodo dragons
  21 demonic crawlers
  A redback zombie (Spider:4)
  3 freezing wraiths
  A tengu conjurer (D:13)
  A kobold demonologist (D:10)
  32 jumping spiders
  3 meliai (D:13)
  4 spectral jumping spiders (Spider:4)
  4 spectral tarantellas (Spider:4)
  A wind drake (Lair:6)
  4 trolls
  A polar bear (Lair:6)
  3 tyrant leeches
  A jumping spider zombie (Spider:4)
  A tarantella zombie (Spider:4)
  11 hornets
  11 blink frogs
  14 dream sheep
  2 wyverns
  68 redbacks
  32 tarantellas
  A tarantella (shapeshifter) (D:14)
  A centaur simulacrum (D:14)
  6 wraiths
  71 yaks
  2 hogs (Spider:3)
  10 vampire mosquitoes
  5 basilisks
  4 steam dragons (Lair:6)
  5 wargs
  12 swamp worms
  14 water moccasins
  A swamp drake (Swamp:1)
  2 sky beasts
  40 orc warriors
  2 black bears
  2 spectral hornets (Spider:4)
  8 ogres
  A necrophage (D:6)
  13 wolves
  14 centaurs
  A phantom (D:7)
  2 kobold brigands
  12 bullfrogs
  2 wyvern zombies
  A scorpion (D:4)
  A water moccasin skeleton (D:7)
  3 killer bees
  4 wights
  A howler monkey (D:12)
  7 electric eels
  A lava snake (D:15)
  A bullfrog zombie (D:5)
  3 centaur zombies
  4 jellies
  2 centaur skeletons
  2 hounds (D:5)
  10 orc priests
  4 iguanas
  20 orc wizards
  6 hell rats
  A killer bee zombie (D:8)
  3 howler monkey zombies
  4 gnolls (D:5)
  A howler monkey skeleton (D:7)
  5 adders
  A river rat (Lair:2)
  A white imp (D:4)
  3 ufetubi
  4 worms
  3 dart slugs
  78 orcs
  3 ball pythons
  13 endoplasms
  3 giant cockroaches
  5 goblins
  10 hobgoblins
  2 jackals (D:1)
  6 quokkas
  4 bats
  2 frilled lizards
  A jackal skeleton (D:4)
  14 kobolds
  5 rats
  A fire vortex (D:15)
946 creatures vanquished.

Vanquished Creatures (collateral kills)
  2 yaktaurs (D:15)
2 creatures vanquished.

Vanquished Creatures (others)
  A bog body (Swamp:2)
  An orb spider (Spider:3)
  A wolf spider (Spider:4)
  A bloated husk (Swamp:2)
  A human (Spider:3)
  An orc warrior (Orc:2)
  A bush (Lair:3)
  5 foxfires (Swamp:1)
  40 fungi
  91 plants
143 creatures vanquished.

Grand Total: 1091 creatures vanquished

Notes
Turn   | Place    | Note
-------+----------+-------------------------------------------
     0 | D:1      | Delamore the Octopode Brigand began the quest for the Orb.
     0 | D:1      | Reached XP level 1. HP: 14/14 MP: 1/1
    38 | D:1      | Reached XP level 2. HP: 11/19 MP: 2/2
   244 | D:1      | Reached skill level 6 in Stealth
   405 | D:1      | Reached XP level 3. HP: 15/24 MP: 3/3
  1233 | D:2      | Reached skill level 7 in Stealth
  1233 | D:2      | Reached XP level 4. HP: 29/29 MP: 4/4
  2480 | D:3      | Reached XP level 5. HP: 34/34 MP: 5/5
  2744 | D:3      | Found a faded altar of an unknown god.
  3473 | D:4      | Reached skill level 8 in Stealth
  3508 | D:4      | Reached XP level 6. HP: 39/39 MP: 6/6
  4099 | D:4      | Reached skill level 9 in Stealth
  4307 | D:5      | Entered Level 5 of the Dungeon
  4451 | D:5      | Noticed a sky beast
  4451 | D:5      | Noticed a black bear
  4466 | D:5      | Found Alogead's Weapon Shoppe.
  4625 | D:5      | Reached XP level 7. HP: 45/45 MP: 7/7
  4683 | D:5      | Reached skill level 5 in Short Blades
  4683 | D:5      | Reached skill level 10 in Stealth
  4967 | D:5      | Found a radiant altar of Vehumet.
  5280 | D:6      | Reached XP level 8. HP: 50/50 MP: 8/8
  6127 | D:6      | Found a bloodstained altar of Trog.
  6238 | D:6      | Found a snail-covered altar of Cheibriados.
  6250 | D:6      | Found a runed translucent gate.
  6250 | D:6      | Found a runed translucent gate.
  6250 | D:6      | Found a runed translucent gate.
  6251 | D:6      | Identified the +8 chain mail of Tartarus {rPois Stlth+}
  6252 | D:6      | Noticed Lapinsky1's ghost (amateur GnHu)
  6597 | D:6      | Identified a scroll of acquirement
  6598 | D:6      | Acquired a +4 quick blade
  6820 | D:7      | Found an ornate altar of the Wu Jian Council.
  7255 | D:7      | Reached skill level 1 in Evocations
  7291 | D:7      | Reached XP level 9. HP: 56/57 MP: 9/9
  7697 | D:7      | Found a staircase to the Ecumenical Temple.
  7706 | Temple   | Entered the Ecumenical Temple
  7766 | Temple   | Became a worshipper of Gozag Ym Sagoz the Greedy
  7915 | D:7      | Found an iron altar of Okawaru.
  8156 | D:8      | Found a shimmering blue altar of Sif Muna.
  8156 | D:8      | Found a sparkling altar of Nemelex Xobeh.
  8166 | D:8      | Noticed a cyan ugly thing
  8173 | D:8      | Killed a cyan ugly thing
  8529 | D:8      | Reached skill level 5 in Fighting
  8529 | D:8      | Reached skill level 5 in Throwing
  8566 | D:8      | Reached skill level 5 in Dodging
  8566 | D:8      | Reached skill level 5 in Evocations
  8566 | D:8      | Reached XP level 10. HP: 39/66 MP: 10/10
  9261 | D:9      | Noticed a two-headed ogre
  9320 | D:9      | Noticed a two-headed ogre
  9340 | D:9      | Killed a two-headed ogre
  9341 | D:9      | Reached skill level 11 in Stealth
  9696 | D:9      | Killed a two-headed ogre
  9840 | D:9      | Found a shadowy altar of Dithmenos.
  9997 | D:10     | Entered Level 10 of the Dungeon
  9997 | D:10     | Noticed a cyclops
 10261 | D:10     | Killed a cyclops
 10262 | D:10     | Reached skill level 12 in Stealth
 10262 | D:10     | Reached XP level 11. HP: 75/75 MP: 11/11
 11665 | D:11     | Noticed a two-headed ogre
 11827 | D:11     | Killed a two-headed ogre
 11828 | D:11     | Reached skill level 13 in Stealth
 12342 | D:11     | Noticed Psyche
 12350 | D:11     | Killed Psyche
 12478 | D:11     | Noticed an oklob plant
 12480 | D:11     | Found a staircase to the Lair.
 12480 | D:11     | Noticed an oklob plant
 12796 | D:12     | Noticed a two-headed ogre
 12798 | D:12     | Noticed Gastronok
 12818 | D:11     | Killed a two-headed ogre
 12956 | D:12     | Found a shadowy altar of Dithmenos.
 12966 | D:12     | Noticed a two-headed ogre
 13016 | D:12     | Killed a two-headed ogre
 13264 | D:12     | Noticed a green ugly thing
 13266 | D:12     | Noticed a green ugly thing
 13285 | D:12     | Killed a green ugly thing
 13823 | D:12     | Reached skill level 14 in Stealth
 13823 | D:12     | Reached XP level 12. HP: 78/85 MP: 12/12
 13966 | D:12     | Found Vorhetor's Distillery.
 14041 | D:12     | HP: 4/85 [poisoned by a green ugly thing]
 14364 | D:12     | Bought a potion of degeneration for 15 gold pieces
 14364 | D:12     | Bought a potion of heal wounds for 75 gold pieces
 14364 | D:12     | Bought a potion of might for 60 gold pieces
 14405 | D:12     | Killed Gastronok
 14540 | D:12     | Noticed a death knight
 14545 | D:12     | Killed a death knight
 14733 | D:12     | Found a staircase to the Orcish Mines.
 15572 | Orc:1    | Entered Level 1 of the Orcish Mines
 16374 | D:11     | Reached skill level 10 in Fighting
 16374 | D:11     | Reached skill level 10 in Dodging
 16390 | Lair:1   | Entered Level 1 of the Lair of Beasts
 16434 | Lair:1   | Reached skill level 15 in Stealth
 16781 | Lair:1   | You fall into a shaft and drop 1 floor!
 16781 | Lair:2   | Noticed an eight-headed hydra
 16871 | Lair:2   | Reached skill level 1 in Spellcasting
 18764 | D:10     | Bought a +4 ring of slaying for 858 gold pieces
 18956 | Lair:2   | Noticed Harold
 18962 | Lair:2   | Killed Harold
 19010 | Lair:2   | Found a hole to the Spider Nest.
 19527 | Lair:2   | Reached XP level 13. HP: 92/92 MP: 18/18
 20661 | Lair:3   | Reached skill level 5 in Spellcasting
 22661 | Lair:3   | Found a staircase to the Swamp.
 22938 | Lair:4   | Reached skill level 10 in Evocations
 22953 | Lair:4   | Reached skill level 10 in Throwing
 23023 | Lair:4   | Reached XP level 14. HP: 71/99 MP: 21/21
 23308 | Lair:4   | Learned a level 4 spell: Passage of Golubria
 23435 | Lair:4   | Reached skill level 1 in Translocations
 25034 | D:10     | Bought the ring of Secrets {rN+ Str+10 Dex+6} for 997 gold
                  | pieces
 25506 | Lair:5   | Found a runed translucent door.
 25506 | Lair:5   | Found a viscous altar of Jiyva.
 25507 | Lair:5   | Found a staircase to the Slime Pits.
 26553 | Lair:6   | Entered Level 6 of the Lair of Beasts
 26910 | Lair:6   | HP: 3/101 [seven-headed hydra (6)]
 27383 | Lair:6   | Reached skill level 5 in Translocations
 28086 | Lair:6   | Reached XP level 15. HP: 108/108 MP: 22/22
 28495 | Lair:6   | Identified the ring of Xom's Ringing Laughter {rC+ Str+3
                  | Slay+2 SInv}
 30006 | D:12     | Bought Ynledwes's Handbook of Quantum Transmigration for
                  | 608 gold pieces
 30009 | D:12     | Learned a level 2 spell: Blink
 30154 | Orc:2    | Entered Level 2 of the Orcish Mines
 30183 | Orc:1    | Found Sogriwn's Distillery.
 32353 | Orc:2    | Found Axiwoe's Distillery.
 32353 | Orc:2    | Found Rowkas's Assorted Antiques.
 32353 | Orc:2    | Found Sinan's Weapon Shop.
 32356 | Orc:2    | Found Dylenimyt's Distillery.
 32360 | Orc:2    | Bought a potion of heal wounds for 75 gold pieces
 32360 | Orc:2    | Bought a potion of heal wounds for 75 gold pieces
 32603 | Orc:2    | Found a staircase to the Elven Halls.
 33100 | Orc:2    | Bought a potion of heal wounds for 70 gold pieces
 33103 | Orc:2    | Bought a scroll of enchant weapon for 225 gold pieces
 33103 | Orc:2    | Bought a scroll of blinking for 225 gold pieces
 34416 | D:13     | Found a gate to the Vaults.
 35223 | D:12     | Bought the ring "Ruatoeco" {rPois rC++ Will++ SInv} for 833
                  | gold pieces
 35696 | D:14     | Identified the ring "Seghov" {rElec Int+6 Dex+4}
 35736 | D:14     | Noticed Josephine
 35751 | D:14     | Killed Josephine
 35808 | D:14     | Noticed Jorgrun
 35811 | D:14     | Reached XP level 16. HP: 117/117 MP: 23/23
 35816 | D:14     | Killed Jorgrun
 35827 | D:14     | Noticed Nessos
 35829 | D:14     | Killed Nessos
 35917 | D:14     | Got the Papyrus of Frigorific Bewitchment
 35922 | D:14     | Learned a level 3 spell: Dazzling Flash
 35929 | D:14     | Learned a level 6 spell: Invisibility
 36172 | D:14     | Reached skill level 1 in Conjurations
 36174 | D:14     | Reached skill level 1 in Hexes
 36847 | D:15     | Entered Level 15 of the Dungeon
 37856 | D:15     | Found a staircase to the Depths.
 37973 | D:15     | Found Masile's Weapon Boutique.
 39705 | Spider:1 | Entered Level 1 of the Spider Nest
 40737 | Spider:1 | Reached skill level 10 in Translocations
 40802 | Spider:1 | Reached skill level 5 in Conjurations
 41300 | Spider:2 | Reached skill level 5 in Hexes
 41757 | Spider:2 | Reached XP level 17. HP: 78/123 MP: 24/24
 41890 | Spider:2 | Noticed Frances
 42168 | Spider:2 | Killed Frances
 42191 | Spider:2 | Reached skill level 1 in Shields
 42437 | Spider:3 | Noticed Mara
 42567 | Spider:3 | Killed Mara
 42574 | Spider:3 | Noticed Arachne
 42590 | Spider:2 | Killed Arachne
 42987 | Spider:3 | Noticed Kirke
 42997 | Spider:3 | Killed Kirke
 43456 | Spider:4 | Entered Level 4 of the Spider Nest
 43752 | Spider:3 | HP: 1/123 [wolf spider (24)]
 44158 | Spider:4 | Reached skill level 5 in Shields
 44569 | Spider:3 | Reached XP level 18. HP: 91/130 MP: 25/25
 45695 | Spider:4 | Got a gossamer rune of Zot
 46063 | Spider:4 | Identified the ring "Juokluch" {EV+4 Str+4}
 46287 | Lair:2   | Bought the amulet of Vitality {Regen+ HP+15} for 1185 gold
                  | pieces
 46287 | Lair:2   | Found the amulet of Vitality {Regen+ HP+15}
 46360 | Swamp:1  | Entered Level 1 of the Swamp
 46822 | Swamp:1  | Reached skill level 10 in Conjurations
 46970 | Swamp:2  | Reached skill level 10 in Hexes
 47036 | Swamp:2  | Identified the +5 great mace of Bodily Harmony {pain,
                  | +Blink Fly rPois Int-4}
 47067 | Swamp:2  | Constricted to death by a shambling mangrove

Illustrated notes

Levels and vault maps discovered:
D:1:      giann_bridges, layout_basic
D:2:      layout_basic, minmay_circle_x
D:3:      layout_loops_corners, shapermc_ecumenical_altar_petra,
          kennysheep_path_1, amcnicky_mini_pool_small
D:4:      layout_loops_corners, hangedman_feature_mirror, chequers_mini_garden
D:5:      layout_basic, nicolae_vehumet_radiance, serial_shops, shop,
          moated_statue, minmay_misc_feat_tiny
D:6:      layout_basic, nicolae_overflow_hidden_temple, kennysheep_slug_shrine,
          biasface_ghost_orc_armoury
D:7:      layout_basic, nzn_wu_jian_contemplation, kennysheep_mini_moat,
          minmay_temple_entry_butterflies, minivault_19
D:8:      layout_cave_pools, gammafunk_temple_overflow_statue
D:9:      layout_basic, nicolae_overflow_crystal_walls
D:10:     layout_grid_maze
D:11:     layout_big_octagon, dpeg_oklobed_lair, serial_glass, glass_columns_b,
          glass_columns_a, uniq_psyche
D:12:     layout_gridville, erik_orc_2, serial_shops,
          nicolae_shop_window_shopping, nicolae_dithmenos_shadow_blocks,
          uniq_gastronok
D:13:     layout_basic, david_vaults_1
D:14:     layout_roguey, minmay_misc_feat_pillars, uniq_josephine, uniq_jorgrun,
          uniq_nessos
D:15:     grunt_enter_depths_giant_problem, layout_gridville,
          grunt_decor_fettered, serial_shops, nicolae_inconvenience_store,
          nrook_pool_corridor
Temple:   zaba_magenta_temple
Lair:1:   layout_gridlike
Lair:2:   layout_chaotic_city, dummy_spider_entry,
          chequers_serial_rivers_small_a, pond, uniq_harold
Lair:3:   layout_long_grid, nicolae_swamp_entry_splash_gauntlet,
          grunt_megastairs_5
Lair:4:   layout_small_grid, grunt_forest_stairs_basic, minmay_hedge_maze
Lair:5:   layout_cave_pods, slime_altar_2
Lair:6:   gammafunk_lair_ancient_temple, layout_loops_ring, worms_lemuel
Swamp:1:  layout_basic_swamp, serial_swamp_ruin, evilmike_swamp_ruin_house_5,
          evilmike_swamp_ruin_rubble_1, evilmike_swamp_ruin_house_3
Swamp:2:  layout_basic_swamp, ebering_ghost_disaster_area,
          evilmike_swamp_ruin_rubble_2
Spider:1: layout_spider_delve, hangedman_spider_mandibles
Spider:2: layout_spider_delve, uniq_frances
Spider:3: layout_spider_delve, drop_trap, uniq_mara, uniq_arachne, uniq_kirke
Spider:4: floodkiller_spider_rune_tomb
Orc:1:    layout_caves, serial_shops, nicolae_shop_competitors_out_of_business
Orc:2:    st_orc_rangers, layout_diamond_mine, hellmonk_bongcloud_opening,
          minmay_orc_keep

Skill      XL: |  1  2  3  4  5  6  7  8  9 10 11 12 13 14 15 16 17 18 |
---------------+-------------------------------------------------------+-----
Stealth        | 6 7 8 9 10 12 14 15 | 15.0
Short Blades   | 3 4 7 8 |  8.2
Dodging        | 2 5 7 9 10 11 13 | 13.4
Fighting       | 3 5 7 9 10 11 13 14 | 14.6
Throwing       | 3 5 6 10 | 10.0
Evocations     | 1 5 6 10 11 | 11.2
Spellcasting   | 3 5 |  5.0
Translocations | 5 8 10 | 10.0
Conjurations   | 6 9 10 | 10.0
Hexes          | 5 9 10 | 10.0
Shields        | 5 7 |  7.6

Action                   |  1- 3 |  4- 6 |  7- 9 | 10-12 | 13-15 | 16-18 || total
-------------------------+-------+-------+-------+-------+-------+-------++-------
Melee: Dagger            |    63 |   102 |   100 |       |       |       ||   265
       Constrict         |    17 |    19 |    27 |    59 |   130 |   151 ||   403
       Tentacles         |    12 |    20 |    58 |   194 |   507 |   442 ||  1233
       Quick blade       |       |       |   119 |   682 |  1241 |   954 ||  2996
Throw: Dart              |     4 |     8 |    37 |    42 |    80 |    39 ||   210
       Boomerang         |       |       |    14 |       |       |   245 ||   259
       Javelin           |       |       |       |       |       |     3 ||     3
 Cast: Dazzling Flash    |       |       |       |       |       |    39 ||    39
       Passage of Golubr |       |       |       |       |       |     6 ||     6
Invok: Call Merchant     |       |       |       |     1 |     2 |     2 ||     5
Evoke: Wand              |       |       |       |     3 |    11 |    12 ||    26
  Use: Scroll            |       |     4 |     9 |     4 |    12 |    10 ||    39
       Potion            |       |       |       |     4 |     2 |    10 ||    16
 Stab: Sleeping          |     7 |    23 |    17 |    27 |    46 |    30 ||   150
       Distracted        |     1 |     3 |     1 |     7 |    17 |    19 ||    48
       Paralysed         |       |       |       |     1 |     1 |       ||     2
       Invisible         |       |       |       |       |       |    60 ||    60
       Held in net/web   |       |       |       |       |       |     3 ||     3
Armor: Skin              |     9 |     7 |    24 |    54 |    56 |    53 ||   203
Dodge: Dodged            |    36 |    39 |    72 |   275 |   592 |   832 ||  1846
Block: Buckler           |       |       |       |       |       |   154 ||   154
